 Dungeon Crawl Stone Soup version 0.18.1-5-g4a78601 (webtiles) character file.

737 Zhenya25pyc the Sneak (level 7, 0/48 HPs)
             Began as an Octopode Assassin on May 14, 2016.
             Was an Initiate of Cheibriados.
             Slain by a phantom (7 damage)
             ... on level 5 of the Dungeon.
             The game lasted 00:07:47 (4573 turns).

Zhenya25pyc the Sneak (Octopode Assassin)           Turns: 4573, Time: 00:07:48

Health: 0/48       AC:  2    Str: 12    XL:     7   Next: 75%
Magic:  7/7        EV: 14    Int: 15    God:    Cheibriados [......]
Gold:   203        SH:  0    Dex: 15    Spells: 0 memorised, 6 levels left

rFire  . . .     SeeInvis .     w - +0 short sword
rCold  . . .     Gourm    .     (no shield)
rNeg   . . .     Faith    .     y - +1 hat
rPois  .         Spirit   .     r - amulet of harm
rElec  .         Dismiss  .     (no ring)
rCorr  .         Reflect  .     (no ring)
SustAt .         Harm     +     (no ring)
MR     .....                    (no ring)
Stlth  +++++.....               (no ring)
                                (no ring)
                                (no ring)
                                (no ring)

@: very slow, not resistant to hostile enchantments, quite stealthy
A: almost no armour, amphibious, 8 rings, constrict 8, camouflage 1, gelatinous
body 1
a: Bend Time, Renounce Religion


You were on level 5 of the Dungeon.
You worshipped Cheibriados.
Cheibriados was noncommittal.
You were very hungry.

You visited 1 branch of the dungeon, and saw 6 of its levels.
You also visited: Sewer.

You collected 203 gold pieces.

Inventory:

Hand Weapons
 w - a +0 short sword (weapon)
Missiles
 z - 9 poisoned needles
Armour
 y - a +1 hat (worn)
Jewellery
 r - an amulet of harm (around mantle)
Scrolls
 c - a scroll of vulnerability {unknown}
 g - 5 scrolls of noise {unknown}
 h - 4 scrolls of teleportation {unknown}
 i - 7 scrolls of identify {unknown}
 k - 2 scrolls of enchant weapon {unknown}
 o - 2 scrolls of recharging {unknown}
 q - a scroll of blinking {unknown}
 u - 2 scrolls of amnesia {unknown}
 v - a scroll of fog {unknown}
 x - a scroll of remove curse {unknown}
Potions
 a - 3 potions of curing {unknown}
 b - a potion of invisibility {unknown}
 d - a potion of degeneration {unknown}
 e - a potion of mutation {unknown}
 l - 3 potions of haste {unknown}
 m - 4 potions of flight {unknown}
 n - a potion of berserk rage {unknown}
 p - a potion of cancellation {unknown}
 t - 2 potions of lignification {unknown}
Comestibles
 f - 6 bread rations
 j - 9 fruits
 s - a meat ration


   Skills:
 + Level 4.0 Fighting
 + Level 4.4 Short Blades
 + Level 3.9 Throwing
 + Level 3.7 Dodging
 + Level 7.4 Stealth


You had 6 spell levels left.
You didn't know any spells.

Dungeon Overview and Level Annotations

Branches:
Dungeon (6/15)
 Temple: D:4-7

Altars:
Cheibriados
Okawaru
Pakellas
Vehumet


Innate Abilities, Weirdness & Mutations

You cannot wear most types of armour.
You are amphibious.
You can wear up to eight rings at the same time.
You can use your tentacles to constrict eight enemies at once.
Your skin changes colour to match your surroundings (Stealth).
Your rubbery body absorbs attacks (AC +1).


Message History

The phantom is almost destroyed.
The phantom hits you.
* * * LOW HITPOINT WARNING * * *
You barely miss the phantom.
The phantom is almost destroyed.
The phantom barely misses you.
You hit the phantom.
The phantom is almost destroyed.
The phantom hits you.
* * * LOW HITPOINT WARNING * * *
You closely miss the phantom.
The phantom is almost destroyed.
The phantom barely misses you.
You barely miss the phantom.
The phantom is almost destroyed.
The phantom hits you but does no damage.
You closely miss the phantom.
The phantom is almost destroyed.
The phantom hits you.
You die...

###.##.### .........#
.#..##...# .#.......#
..#.###..# # .##.#
#..# ##### .# ....#
#..# ##...######..#
.#..#
#[.######...........#
###.#
#........W@...#######
#.# #.#######.....#
###.# #.# ##...##
....# #.# ##.## ##.##
#.# #.##
#.#.###.###### #..#
.###.........#####.#
..#>###.####.#....(#
.#.## #.# #.#.#####


You could see a phantom.

Vanquished Creatures
  2 ogres
  A big kobold (Sewer)
  A scorpion (D:4)
  2 crimson imps
  2 hounds
  Natasha (thrice) (D:2)
  3 worker ants
  8 adders
  2 oozes (D:1)
  2 worms
  A dart slug (D:2)
  5 giant geckos
  4 orcs
  2 ball pythons (D:1)
  5 giant cockroaches
  6 goblins
  7 hobgoblins
  9 jackals
  6 bats
  A giant cockroach zombie (D:5)
  6 giant newts
  8 kobolds
  A quokka zombie (D:5)
  12 rats
99 creatures vanquished.

Notes
Turn   | Place    | Note
--------------------------------------------------------------
     0 | D:1      | Zhenya25pyc the Octopode Assassin began the quest for the Orb.
     0 | D:1      | Reached XP level 1. HP: 14/14 MP: 1/1
    56 | D:1      | Reached XP level 2. HP: 15/19 MP: 2/2
   292 | D:1      | Reached XP level 3. HP: 7/24 MP: 3/3
  1328 | D:2      | Noticed Natasha
  1337 | D:2      | Killed Natasha
  1337 | D:2      | Reached skill level 6 in Stealth
  1337 | D:2      | Reached XP level 4. HP: 30/30 MP: 4/4
  1456 | D:2      | Found a radiant altar of Vehumet.
  1470 | D:2      | Noticed Natasha
  1474 | D:2      | Killed Natasha
  1594 | D:2      | Reached XP level 5. HP: 6/35 MP: 5/5
  1995 | D:2      | Noticed Natasha
  2006 | D:2      | Killed Natasha
  2542 | D:3      | Found an iron altar of Okawaru.
  2779 | D:3      | Reached XP level 6. HP: 41/41 MP: 6/6
  3394 | D:4      | Reached skill level 7 in Stealth
  3394 | D:4      | Reached XP level 7. HP: 35/46 MP: 7/7
  3658 | D:5      | Entered Level 5 of the Dungeon
  3766 | D:3      | Became a worshipper of Warmaster Okawaru
  3926 | D:5      | Found an oddly glowing altar of Pakellas.
  4005 | D:5      | Found a glowing drain.
  4009 | Sewer    | Entered a sewer
  4311 | Sewer    | Found a white marble altar of Elyvilon.
  4450 | D:5      | Reached * piety under Okawaru
  4487 | D:5      | Found a snail-covered altar of Cheibriados.
  4495 | D:5      | Fell from the grace of Okawaru
  4495 | D:5      | Became a worshipper of Cheibriados the Contemplative
  4573 | D:5      | Slain by a phantom

Skill      XL: |  1  2  3  4  5  6  7 |
---------------+----------------------+-----
Dodging        | 2 3 |  3.7
Stealth        | 6 7 |  7.4
Short Blades   | 3 4 |  4.4
Throwing       | 3 |  3.9
Fighting       | 3 4 |  4.0

Action                   |  1- 3 |  4- 6 |  7- 9 || total
-------------------------+-------+-------+-------++-------
Melee: Dagger            |    64 |    67 |     2 ||   133
       Constrict         |    11 |    10 |     6 ||    27
       Tentacles         |    10 |     9 |    12 ||    31
       Short sword       |       |       |    53 ||    53
 Stab: Sleeping          |    13 |    20 |    14 ||    47
  Eat: Chunk             |     1 |     7 |     2 ||    10
Armor: Skin              |     2 |     1 |     2 ||     5
Dodge: Dodged            |    33 |    17 |    22 ||    72
